 Dungeon Crawl Stone Soup version 0.22-a0-280-g69bf1f3 (webtiles) character file.

91 lilbarb the Skirmisher (level 4, -1/42 HPs)
             Began as a Minotaur Berserker on Mar 16, 2018.
             Was a Believer of Trog.
             Succumbed to a gnoll's poison
             ... on level 3 of the Dungeon.
             The game lasted 00:03:30 (1064 turns).

lilbarb the Skirmisher (Minotaur Berserker)         Turns: 1064, Time: 00:03:31

Health: -1/42      AC:  6    Str: 22    XL:     4   Next: 33%
Magic:  3/3        EV: 10    Int:  4    God:    Trog [**....]
Gold:   60         SH:  0    Dex:  8    Spells: 3/3 levels left

rFire    . . .     SeeInvis .   a - +0 hand axe
rCold    . . .     Gourm    .   (no shield)
rNeg     . . .     Faith    .   o - +0 scale mail
rPois    .         Spirit   .   (helmet restricted)
rElec    .         Reflect  .   (no cloak)
rCorr    +         Harm     .   (no gloves)
MR       .....                  (no boots)
Stlth    ..........             (no amulet)
HPRegen  0.14/turn              e - ring of resist corrosion
MPRegen  0.08/turn              q - -2 ring of dexterity (curse)

@: lethally poisoned (-1 -> -12), berserk cooldown, slowed, very slow
A: retaliatory headbutt, horns 2
a: Berserk, Trog's Hand, Renounce Religion


You were on level 3 of the Dungeon.
You worshipped Trog.
Trog was pleased with you.
You were very hungry.

You visited 1 branch of the dungeon, and saw 3 of its levels.

You collected 60 gold pieces.

Inventory:

Hand Weapons
 a - a +0 hand axe (weapon)
Missiles
 h - a throwing net (quivered)
Armour
 o - a +0 scale mail (worn)
Jewellery
 e - a ring of resist corrosion (left hand)
 q - a cursed -2 ring of dexterity (right hand)
Scrolls
 g - 2 scrolls of identify
 i - a scroll of immolation {unknown}
 n - a scroll of teleportation {unknown}
Potions
 d - 2 potions of flight
 f - a potion of mutation {unknown}
 j - a potion of lignification {unknown}
 k - a potion of might {unknown}
 l - a potion of curing {unknown}
 m - a potion of magic {unknown}
 p - a potion of haste {unknown}
Comestibles
 b - 7 chunks of flesh
 c - 2 rations


   Skills:
 + Level 5.1 Fighting
 + Level 5.1 Axes
 - Level 2.4 Armour
 - Level 2.1 Dodging


You had 3 spell levels left.
You didn't know any spells.

Dungeon Overview and Level Annotations

Branches:
Dungeon (3/15)

Altars:
Cheibriados


Innate Abilities, Weirdness & Mutations

You reflexively headbutt those who attack you in melee.
You have a pair of horns on your head.


Message History

Trog accepts your kill.
* * * LOW HITPOINT WARNING * * *
You feel sick.
You are too berserk!
You are too berserk!
Things that are here:
5 large rocks; 7 gold pieces You are too berserk!
You feel a strong urge to attack something.
* * * LOW HITPOINT WARNING * * *
You feel sick.
You are no longer berserk.
You are exhausted.
You feel yourself slow down.
* * * LOW HITPOINT WARNING * * *
You feel sick.
Okay, then.
Okay, then.
You fail to use your ability.
You die...

#.#######
###....<..# #
#.........##.
#>#............#
#.#<.........###
.##...........##
.....>........#
.###...........#
.....#..@........
#....##...#......
..##..†(..#..#...
. #...)..).?..#
#..).........
#............#.
..............#
..#...........#
##..#...........


There were no monsters in sight!

Vanquished Creatures
  An orc priest (D:3)
  A gnoll (D:3)
  An adder (D:2)
  A worm (D:2)
  A ball python (D:3)
  7 bats
  A giant cockroach (D:2)
  7 goblins
  5 hobgoblins
  5 jackals
  A frilled lizard (D:2)
  3 kobolds (D:2)
  7 rats
41 creatures vanquished.

Notes
Turn   | Place    | Note
-------+----------+-------------------------------------------
     0 | D:1      | lilbarb the Minotaur Berserker began the quest for the Orb.
     0 | D:1      | Reached XP level 1. HP: 19/19 MP: 0/0
     3 | D:1      | Noticed an electric eel
     3 | D:1      | Noticed an electric eel
    91 | D:1      | Found a snail-covered altar of Cheibriados.
   177 | D:1      | Reached XP level 2. HP: 27/27 MP: 1/1
   652 | D:2      | Reached XP level 3. HP: 33/34 MP: 2/2
   853 | D:2      | Reached ** piety under Trog
  1058 | D:3      | Reached skill level 5 in Fighting
  1058 | D:3      | Reached skill level 5 in Axes
  1058 | D:3      | Reached XP level 4. HP: 11/42 MP: 3/3
  1062 | D:3      | HP: 3/63 [poisoned by a gnoll]
  1063 | D:3      | HP: 1/42 [poisoned by a gnoll]
  1064 | D:3      | Succumbed to a gnoll's poison

Vault maps used:
D:1:      arrival_aquarium_b, minmay_misc_feat_rows, cheibriados_altar_1
D:3:      lemuel_castle_with_subvaults, grunt_temple_overflow_cloverleaf,
          minmay_fountain_box, kennysheep_big_empty_room,
          small_statue_intersection, trog_wizard

Skill      XL: |  1  2  3 |
---------------+----------+-----
Fighting       | 4 5 |  5.1
Axes           | 4 5 |  5.1
Armour         | |  2.4
Dodging        | |  2.1

Action                   |  1- 3 |  4- 6 || total
-------------------------+-------+-------++-------
Melee: Hand axe          |    71 |     1 ||    72
       Headbutt          |     9 |       ||     9
Invok: Berserk           |     1 |       ||     1
  Use: Scroll            |     4 |       ||     4
Armor: Animal skin       |     8 |       ||     8
       Scale mail        |    28 |       ||    28
Dodge: Dodged            |    60 |     1 ||    61

Table legend:
 A = Spawn XP
 B = Non-spawn XP
 C = Spawn XP percentage of total XP
 D = Spawn monster count
 E = Non-spawn monster count
 F = Spawn count percentage of total count
 G = Total turns spent on level
                    A         B        C        D         E        F      G
               +---------+---------+-------+---------+---------+-------+---------
         Total |       0 |     130 |   0.0 |       0 |      41 |   0.0 |  1064
               +---------+---------+-------+---------+---------+-------+---------
           D:1 |       0 |      20 |   0.0 |       0 |      14 |   0.0 |   529
           D:2 |       0 |      47 |   0.0 |       0 |      21 |   0.0 |   506
           D:3 |       0 |      63 |   0.0 |       0 |       6 |   0.0 |    29
               +---------+---------+-------+---------+---------+-------+---------
